 Dungeon Crawl Stone Soup version 0.29.0-4-gdea44cf6ec (webtiles) character file.

Game seed: 7917021634842354438

1288 qw the Cleaver (level 8, -8/48 HPs)
             Began as a Tengu Warper on Aug 29, 2022.
             Mangled by a komodo dragon (28 damage)
             ... on level 6 of the Dungeon.
             The game lasted 00:01:07 (5500 turns).

qw the Cleaver (Tengu Warper)                       Turns: 5500, Time: 00:01:07

Health: -8/48      AC:  9    Str: 20    XL:     8   Next: 55%
Magic:  12/12      EV: 13    Int: 14    God:
Gold:   228        SH:  0    Dex: 13    Spells: 11/11 levels left

rFire   . . .      SeeInvis .   Y - +0 war axe
rCold   . . .      Faith    .   (no shield)
rNeg    . . .      Spirit   .   k - +0 chain mail
rPois   .          Reflect  .   (helmet restricted)
rElec   .          Harm     .   (no cloak)
rCorr   .          Rampage  .   (no gloves)
Will    .....                   (boots unavailable)
Stlth   ..........              (no amulet)
HPRegen 0.16/turn               e - +4 ring of evasion
MPRegen 0.13/turn               p - +6 ring of strength

@: flying quickly and evasively, quick
A: beak, talons 3, nimble flight
a: no special abilities


You were on level 6 of the Dungeon.
You visited 1 branch of the dungeon, and saw 6 of its levels.

You collected 384 gold pieces.
You spent 156 gold pieces at shops.


Innate Abilities, Weirdness & Mutations

You have a beak for a mouth.
You have claws for feet.
Your magical nature lets you fly swiftly and evasively.


   Skills:
 - Level 4.2 Fighting
 - Level 10.0 Axes
 - Level 1.0 Throwing
 - Level 3.0 Armour
 + Level 2.1 Dodging
 - Level 2.0 Spellcasting
 - Level 2.4 Translocations


You had 11 spell levels left.
You didn't know any spells.
Your spell library contained the following spells:

 Spells                   Type           Power      Damage    Failure   Level
 Blink                    Tloc           16%        N/A       82%         2
 Gell's Gravitas          Tloc           8%         N/A       96%         3
 Lesser Beckoning         Tloc           8%         N/A       96%         3
 Teleport Other           Tloc           8%         N/A       96%         3
 Manifold Assault         Tloc           8%         N/A       100%        5

Inventory:

Hand Weapons
 f - a +0 morningstar
 Y - a +0 war axe (weapon)
Missiles
 i - 9 boomerangs (quivered)
Armour
 k - a +0 chain mail (worn)
Jewellery
 a - a ring of fire
 e - a +4 ring of evasion (left hand)
 n - a ring of fire
 p - a +6 ring of strength (right hand)
Scrolls
 h - a scroll of identify
 r - a scroll of teleportation
Potions
 b - a potion of heal wounds
 c - 3 potions of cancellation
 d - 2 potions of haste
 g - a potion of flight {unknown}
 j - a potion of curing
 m - a potion of mutation {unknown}
 o - 2 potions of ambrosia {unknown}
 q - a potion of berserk rage {unknown}

Dungeon Overview and Level Annotations

Branches:
Dungeon (6/15)
 Temple: D:4-7

Altars:
Cheibriados
Elyvilon
Gozag
Ru
Wu Jian
Yredelemnul

Shops:
D:4 ([

Annotations:
D:3 2 transporters
D:6 Maggie


Message History

Enter note: Throw: 9 boomerangs
Press: ? - help, Q - select action Shift-Dir - straight line, f - komodo dragon You throw a boomerang.
The boomerang hits the komodo dragon but does no damage.
Throw: 9 boomerangs
Press: ? - help, Q - select action Shift-Dir - straight line, f/p - komodo dragon You throw a boomerang.
The boomerang closely misses the komodo dragon.
Throw: 9 boomerangs
Press: ? - help, Q - select action Shift-Dir - straight line, f/p - komodo dragon You throw a boomerang.
The boomerang hits the komodo dragon but does no damage.
You barely miss the komodo dragon. You claw the komodo dragon.
The komodo dragon is lightly wounded.
The komodo dragon misses you.
You slash the komodo dragon! You peck the komodo dragon.
The komodo dragon is moderately wounded.
The komodo dragon barely misses you.
You hit the komodo dragon. Your kick misses the komodo dragon.
Your peck misses the komodo dragon.
The komodo dragon is heavily wounded.
The komodo dragon bites you.
You barely miss the komodo dragon. Your kick misses the komodo dragon.
The komodo dragon is heavily wounded.
The komodo dragon closely misses you.
You slash the komodo dragon!
You claw the komodo dragon, but do no damage.
The komodo dragon is heavily wounded.
The komodo dragon closely misses you.
You closely miss the komodo dragon. Your kick misses the komodo dragon.
The komodo dragon is heavily wounded.
The komodo dragon bites you!!
Ouch! That really hurt!
You hit the komodo dragon.
You claw the komodo dragon, but do no damage.
The komodo dragon is severely wounded.
The komodo dragon bites you!!
Ouch! That really hurt!
You die...

###........)##
##............##
.##..............#
................##
#...............#
#...............##
#................#
#..l............#
###.@........####
#..########## #.#
##


You could see a komodo dragon.

Vanquished Creatures
  Grinder (D:5)
  A steam dragon (D:5)
  2 ice beasts
  A black bear (D:5)
  3 ogres
  A phantom (D:5)
  A scorpion (D:4)
  A necrophage (D:5)
  An orc priest (D:6)
  An orc wizard (D:5)
  2 iguanas (D:5)
  5 adders
  2 ufetubi
  3 worms
  3 dart slugs
  10 orcs
  7 ball pythons
  4 endoplasms
  5 goblins
  6 hobgoblins
  8 jackals
  4 kobolds
  5 quokkas
  4 bats
  A frilled lizard (D:3)
  2 rats (D:1)
84 creatures vanquished.

Vanquished Creatures (others)
  6 plants (D:3)
6 creatures vanquished.

Grand Total: 90 creatures vanquished

Notes
Turn   | Place    | Note
-------+----------+-------------------------------------------
     0 | D:1      | qw the Tengu Warper began the quest for the Orb.
     0 | D:1      | Reached XP level 1. HP: 12/12 MP: 4/4
     0 | D:1      | 0 ||| qw: Version: 0.1-a-89-g26bdef1
     0 | D:1      | 0 ||| qw: Game counter: 3531
     0 | D:1      | 0 ||| qw: Always use a shield: true
     0 | D:1      | 0 ||| qw: God list: Okawaru
     0 | D:1      | 0 ||| qw: Allow faded altars: false
     0 | D:1      | 0 ||| qw: Do Orc after D:15 true
     0 | D:1      | 0 ||| qw: Do second Lair branch before Depths: true
     0 | D:1      | 0 ||| qw: Lair rune preference: random
     0 | D:1      | 0 ||| qw: Plans: Normal
     0 | D:1      | 0 ||| PLANNING D:1-11
   239 | D:1      | Reached skill level 3 in Axes
   239 | D:1      | Reached XP level 2. HP: 17/17 MP: 6/6
   311 | D:1      | 311 ||| Stepping ~*~*~tactically~*~*~ (stealth).
   316 | D:1      | 316 ||| Stepping ~*~*~tactically~*~*~ (stealth).
   317 | D:1      | 317 ||| Stepping ~*~*~tactically~*~*~ (stealth).
   327 | D:1      | HP: 4/17 [jackal (2)]
   353 | D:1      | 353 ||| Stepping ~*~*~tactically~*~*~ (stealth).
   355 | D:1      | 355 ||| Stepping ~*~*~tactically~*~*~ (stealth).
   378 | D:1      | 378 ||| Stepping ~*~*~tactically~*~*~ (stealth).
   401 | D:1      | 401 ||| Stepping ~*~*~tactically~*~*~ (stealth).
   439 | D:1      | 439 ||| Stepping ~*~*~tactically~*~*~ (stealth).
   440 | D:1      | 440 ||| Stepping ~*~*~tactically~*~*~ (stealth).
   442 | D:1      | 442 ||| Stepping ~*~*~tactically~*~*~ (stealth).
   443 | D:1      | 443 ||| Stepping ~*~*~tactically~*~*~ (stealth).
   446 | D:1      | 446 ||| Stepping ~*~*~tactically~*~*~ (stealth).
   447 | D:1      | 447 ||| Stepping ~*~*~tactically~*~*~ (stealth).
   448 | D:1      | 448 ||| Stepping ~*~*~tactically~*~*~ (stealth).
   452 | D:1      | 452 ||| Stepping ~*~*~tactically~*~*~ (stealth).
   953 | D:1      | Found a faded altar of an unknown god.
  1134 | D:1      | 1134 ||| UPGRADING to +0 scale mail.
  1144 | D:1      | 1144 ||| DROPPING +0 leather armour.
  1145 | D:1      | 1145 ||| UPGRADING to +4 ring of evasion.
  1146 | D:1      | 1146 ||| READING scroll labelled MEROAN VATHRAZ.
  1151 | D:1      | 1151 ||| READING scroll labelled SED MAKOOJEAD.
  1252 | D:1      | 1252 ||| DROPPING scroll of blinking.
  1379 | D:2      | 1379 ||| DROPPING +0 club.
  1432 | D:2      | Reached XP level 3. HP: 21/21 MP: 7/7
  1678 | D:2      | Reached skill level 4 in Axes
  2199 | D:2      | 2199 ||| UPGRADING to ring of protection from cold.
  2200 | D:2      | 2200 ||| DRINKING 2 cyan potions.
  2216 | D:3      | Found an opulent altar of Gozag.
  2225 | D:3      | Reached XP level 4. HP: 12/26 MP: 8/8
  2225 | D:3      | 2225 ||| STAIRDANCE
  2507 | D:3      | Found a sacrificial altar of Ru.
  2509 | D:3      | Found a snail-covered altar of Cheibriados.
  2522 | D:3      | Found an ornate altar of the Wu Jian Council.
  2586 | D:3      | Found a transporter.
  2676 | D:3      | 2676 ||| Stepping ~*~*~tactically~*~*~ (stealth).
  2752 | D:3      | Found a transporter.
  2988 | D:3      | 2988 ||| READING scroll labelled GEZ KIAFFOSOTZ.
  2989 | D:3      | 2989 ||| READING scroll labelled ABILOE MOUTEAMP.
  2990 | D:3      | 2990 ||| READING scroll labelled RILAENIONEGH.
  2991 | D:3      | 2991 ||| DRINKING 3 red potions.
  3013 | D:4      | 3013 ||| STAIRDANCE
  3019 | D:3      | Reached skill level 5 in Axes
  3040 | D:4      | 3040 ||| STAIRDANCE
  3122 | D:4      | Found Bitsay's Antique Armour Shoppe.
  3132 | D:4      | 3132 ||| BUYING chain mail (121 gold).
  3132 | D:4      | Bought a chain mail for 121 gold pieces
  3132 | D:4      | 3132 ||| SHOPLISTING cloak (121 gold, have 74).
  3132 | D:4      | 3132 ||| SHOPLISTING plate armour (621 gold, have 74).
  3142 | D:4      | Noticed a scorpion
  3148 | D:4      | Killed a scorpion
  3149 | D:4      | Gained mutation: Your magical nature lets you fly swiftly
                  | and evasively. [Tengu growth]
  3149 | D:4      | Reached XP level 5. HP: 22/30 MP: 9/9
  3248 | D:4      | Reached skill level 6 in Axes
  3410 | D:4      | Found Jikodwy's Weapon Boutique.
  3422 | D:4      | 3422 ||| BUYING +0 war axe (35 gold).
  3422 | D:4      | Bought a +0 war axe for 35 gold pieces
  3422 | D:4      | 3422 ||| SHOPLISTING +2 vorpal war axe (172 gold, have 52).
  3422 | D:4      | 3422 ||| SWAPPING to +0 war axe.
  3423 | D:4      | 3423 ||| DROPPING +0 hand axe.
  3435 | D:4      | Noticed an ogre
  3438 | D:4      | 3438 ||| Stepping ~*~*~tactically~*~*~ (stealth).
  3443 | D:4      | Killed an ogre
  3444 | D:4      | Reached XP level 6. HP: 21/35 MP: 10/10
  3537 | D:4      | Identified the +1 leather armour "Jafen" {rF+ Dex+2}
  3538 | D:4      | 3538 ||| FLEEEEING.
  3927 | D:4      | 3927 ||| UPGRADING to +0 chain mail.
  3937 | D:4      | 3937 ||| DROPPING +0 scale mail.
  3938 | D:4      | 3938 ||| UPGRADING to +6 ring of strength.
  3940 | D:4      | 3940 ||| DROPPING ring of protection from cold.
  3941 | D:4      | 3941 ||| READING 2 scrolls of identify.
  3941 | D:4      | 3941 ||| IDENTIFYING sedimented cyan potion
  3942 | D:4      | 3942 ||| DROPPING potion of magic.
  3955 | D:5      | Entered Level 5 of the Dungeon
  3959 | D:5      | 3959 ||| Stepping ~*~*~tactically~*~*~ (stealth).
  3961 | D:5      | 3961 ||| Stepping ~*~*~tactically~*~*~ (stealth).
  4098 | D:5      | Found a white marble altar of Elyvilon.
  4121 | D:5      | 4121 ||| Stepping ~*~*~tactically~*~*~ (stealth).
  4125 | D:5      | 4125 ||| Stepping ~*~*~tactically~*~*~ (stealth).
  4131 | D:5      | Reached skill level 7 in Axes
  4144 | D:5      | Reached XP level 7. HP: 31/40 MP: 11/11
  4248 | D:5      | Noticed Grinder
  4249 | D:5      | 4249 ||| Stepping ~*~*~tactically~*~*~ (hiding).
  4266 | D:5      | Killed Grinder
  4293 | D:5      | 4293 ||| FLEEEEING.
  4294 | D:5      | 4294 ||| FLEEEEING.
  4295 | D:5      | 4295 ||| FLEEEEING.
  4299 | D:5      | 4299 ||| FLEEEEING.
  4300 | D:5      | 4300 ||| FLEEEEING.
  4301 | D:5      | 4301 ||| FLEEEEING.
  4302 | D:5      | 4302 ||| FLEEEEING.
  4303 | D:5      | 4303 ||| FLEEEEING.
  4304 | D:5      | 4304 ||| FLEEEEING.
  4305 | D:5      | 4305 ||| FLEEEEING.
  4306 | D:5      | 4306 ||| FLEEEEING.
  4307 | D:5      | 4307 ||| FLEEEEING.
  4308 | D:5      | 4308 ||| FLEEEEING.
  4309 | D:5      | 4309 ||| FLEEEEING.
  4310 | D:5      | 4310 ||| FLEEEEING.
  4316 | D:5      | 4316 ||| FLEEEEING.
  4317 | D:5      | 4317 ||| FLEEEEING.
  4318 | D:5      | 4318 ||| FLEEEEING.
  4319 | D:5      | 4319 ||| FLEEEEING.
  4320 | D:5      | 4320 ||| FLEEEEING.
  4321 | D:5      | 4321 ||| FLEEEEING.
  4412 | D:5      | Reached skill level 8 in Axes
  4431 | D:5      | 4431 ||| Stepping ~*~*~tactically~*~*~ (stealth).
  4433 | D:5      | 4433 ||| Stepping ~*~*~tactically~*~*~ (stealth).
  4740 | D:5      | Found a basalt altar of Yredelemnul.
  4826 | D:5      | Noticed a steam dragon
  4858 | D:5      | Reached XP level 8. HP: 37/48 MP: 12/12
  4894 | D:5      | Reached skill level 9 in Axes
  5148 | D:5      | 5148 ||| READING scroll labelled FUXYGINYIF.
  5149 | D:5      | 5149 ||| READING 2 scrolls labelled OBOGHOKKOIC.
  5150 | D:5      | 5150 ||| READING 2 scrolls of identify.
  5150 | D:5      | 5150 ||| IDENTIFYING sedimented amethyst potion
  5151 | D:5      | 5151 ||| DROPPING scroll of amnesia.
  5161 | D:6      | 5161 ||| PLANNING OSSUARY
  5177 | D:6      | Reached skill level 3 in Armour
  5179 | D:6      | 5179 ||| DROPPING +0 mace.
  5199 | D:6      | Noticed Maggie
  5212 | D:6      | HP: 1/48 [Maggie/+0 scimitar (13)]
  5213 | D:6      | 5213 ||| READING 2 scrolls of teleportation.
  5214 | D:6      | 5214 ||| DRINKING 2 potions of heal wounds.
  5448 | D:6      | Reached skill level 10 in Axes
  5489 | D:6      | Noticed a komodo dragon
  5500 | D:6      | Mangled by a komodo dragon

Levels and vault maps discovered:
D:1:      scummos_arrival_forest, layout_basic,
          shapermc_ecumenical_altar_acropolis
D:2:      layout_basic
D:3:      layout_basic, grunt_temple_overflow_open, nicolae_gozag_seed_capital,
          gammafunk_ghost_gnarly_gnolls, minmay_misc_feat_rows
D:4:      layout_loops_ring, serial_shops, nicolae_shop_bloodbath_and_beyond,
          shop
D:5:      layout_basic, kennysheep_ying_yang, grunt_tough_drop, uniq_grinder
D:6:      minmay_cornered_nines, layout_cave_pods, gup_ossuary_entry_pyramid,
          uniq_maggie

Skill      XL: |  1  2  3  4  5  6  7  8 |
---------------+-------------------------+-----
Axes           | 3 4 5 6 7 8 10 | 10.0
Armour         | 2 3 |  3.0
Fighting       | 4 |  4.2
Throwing       | |  1.0
Dodging        | |  2.1
Spellcasting   | |  2.0
Translocations | |  2.4

Action                   |  1- 3 |  4- 6 |  7- 9 || total
-------------------------+-------+-------+-------++-------
Melee: Hand axe          |    76 |    36 |       ||   112
       Peck              |    11 |     8 |    17 ||    36
       Kick              |    16 |    18 |    23 ||    57
       Punch             |     1 |     1 |     2 ||     4
       War axe           |       |    40 |    76 ||   116
Throw: Boomerang         |     7 |    22 |    24 ||    53
       Javelin           |       |    13 |     2 ||    15
  Use: Scroll            |     2 |     4 |     4 ||    10
       Potion            |     1 |     1 |     1 ||     3
Armor: Leather armour    |    13 |       |       ||    13
       Scale mail        |     7 |    11 |       ||    18
       Chain mail        |       |    16 |    18 ||    34
Dodge: Dodged            |    54 |    41 |    33 ||   128

Table legend:
 A = Non-vault XP
 B = Vault XP
 C = Vault XP percentage of total XP
 D = Non-vault monster count
 E = Vault monster count
 F = Vault count percentage of total count
                 A         B        C        D         E       F
            +---------+---------+-------+---------+---------+-------
      Total |    1156 |     684 |  37.2 |      78 |       6 |   7.1
            +---------+---------+-------+---------+---------+-------
        D:1 |      30 |       0 |   0.0 |      16 |       0 |   0.0
        D:2 |      48 |       0 |   0.0 |      13 |       0 |   0.0
        D:3 |      49 |       0 |   0.0 |      13 |       0 |   0.0
        D:4 |     246 |       0 |   0.0 |      14 |       0 |   0.0
        D:5 |     490 |     684 |  58.3 |      14 |       6 |  30.0
        D:6 |     293 |       0 |   0.0 |       8 |       0 |   0.0
            +---------+---------+-------+---------+---------+-------
